 Dungeon Crawl Stone Soup version 0.26.1-11-gd32895ea62 (webtiles) character file.

Game seed: 1035019093346359624

284 Zeld the Slasher (level 6, 0/38 (44) HPs)
             Began as a Human Gladiator on June 5, 2021.
             Killed from afar by an orc wizard (5 damage)
             ... with a puff of flame
             ... on level 3 of the Dungeon.
             The game lasted 00:06:33 (5186 turns).

Zeld the Slasher (Human Gladiator)                  Turns: 5186, Time: 00:06:34

HP:   0/38 (44)     AC:  6    Str: 16    XL:     6   Next: 55%
MP:   6/6           EV: 13    Int:  9    God:
Gold: 254           SH:  0    Dex: 14    Spells: 5/5 levels left

rFire    . . .     SeeInvis .   a - +0 long sword
rCold    . . .     Faith    .   (no shield)
rNeg     . . .     Spirit   .   b - +0 leather armour
rPois    .         Reflect  .   c - +0 helmet
rElec    .         Harm     .   q - +0 cloak
rCorr    .         Rampage  .   (no gloves)
Will     .....                  p - +0 pair of boots
Stlth    +.........             (no amulet)
HPRegen  0.12/turn              (no ring)
MPRegen  0.10/turn              (no ring)

@: heavily drained
A: no striking features
a: no special abilities


You were on level 3 of the Dungeon.
You visited 1 branch of the dungeon, and saw 4 of its levels.
You also visited: Sewer.

You collected 254 gold pieces.

Inventory:

Hand Weapons
 a - a +0 long sword (weapon)
Missiles
 d - 3 throwing nets (quivered)
Armour
 b - a +0 leather armour (worn)
 c - a +0 helmet (worn)
 p - a +0 pair of boots (worn)
 q - a +0 cloak (worn)
Jewellery
 j - a cursed +6 ring of strength {unknown}
 n - a +6 ring of strength {unknown}
 r - an uncursed ring of willpower {unknown}
Wands
 u - a wand of polymorph (12)
Scrolls
 f - 2 scrolls of remove curse {unknown}
 g - 3 scrolls of immolation {unknown}
 h - 2 scrolls of blinking {unknown}
 s - a scroll of random uselessness {unknown}
 v - a scroll of enchant armour {unknown}
 w - 3 scrolls of teleportation {unknown}
 x - a scroll of fog {unknown}
Potions
 e - a potion of resistance {unknown}
 i - 4 potions of flight
 k - 3 potions of curing
 l - 3 potions of haste
 o - a potion of berserk rage
 t - a potion of cancellation


   Skills:
 - Level 2.0 Fighting
 * Level 6.9 Long Blades
 - Level 2.0 Throwing
 - Level 3.0 Dodging


You had 5 spell levels left.
You didn't know any spells.
Your spell library contained the following spells:

 Spells                   Type           Power        Failure   Level
 Confusing Touch          Hex            0%           83%         3
 Gell's Gravitas          Tloc           0%           83%         3
 Petrify                  Tmut/Erth      0%           99%         4
 Metabolic Englaciation   Hex/Ice        0%           100%        5
 Yara's Violent Unravell  Hex/Tmut       0%           100%        5


Dungeon Overview and Level Annotations

Branches:
Dungeon (4/15)              Sewer (visited)
 Temple: D:4-7

Altars:
Fedhas
Wu Jian


Message History

You hit the orc.
The orc is heavily wounded.
The orc wizard hits you with a +0 dagger.
The orc closely misses you.
You riposte.
You hit the orc.
The orc is severely wounded.
The orc hits you with a +0 short sword.
* * * LOW HITPOINT WARNING * * *
You closely miss the orc.
The orc is severely wounded.
The orc wizard hits you with a +0 dagger.
* * * LOW HITPOINT WARNING * * *
The orc hits you with a +0 falchion.
* * * LOW HITPOINT WARNING * * *
The orc hits you with a +0 short sword.
* * * LOW HITPOINT WARNING * * *
You closely miss the orc.
The orc is severely wounded.
The orc wizard gestures at you while chanting.
The puff of flame hits you.
You die...

#.......# #......
#.......######...##
#..................
#......########.###
#......# #.#
####.### ##'## #.#
##...## ####.#####
##.....#
#o@o.....###.......
#o##...#.##........
#.#.......'........
#.##.....##........
#.###.#..###.......
#.# ###..# ##.....#
#.#####..# ##...##
#........# ##'##
#######.## #.#


You could see an orc wizard and 2 orcs.

Vanquished Creatures
  A howler monkey (D:4)
  2 worker ants (D:4)
  A hound skeleton (D:4)
  5 gnolls
  4 adders
  3 oozes (Sewer)
  6 worms
  A dart slug (D:2)
  A leopard gecko (D:4)
  An orc (D:3)
  12 bats
  7 giant cockroaches
  7 goblins
  2 hobgoblins (D:3)
  6 jackals
  6 kobolds
  3 ball pythons
  5 frilled lizards
  5 rats
78 creatures vanquished.

Notes
Turn   | Place    | Note
-------+----------+-------------------------------------------
     0 | D:1      | Zeld the Human Gladiator began the quest for the Orb.
     0 | D:1      | Reached XP level 1. HP: 16/16 MP: 1/1
   101 | D:1      | Reached XP level 2. HP: 22/22 MP: 2/2
   241 | D:1      | Reached skill level 4 in Long Blades
   241 | D:1      | Reached XP level 3. HP: 27/27 MP: 3/3
  1434 | D:2      | Reached XP level 4. HP: 32/33 MP: 4/4
  1563 | D:2      | Found a blossoming altar of Fedhas.
  2139 | D:3      | Reached skill level 5 in Long Blades
  2644 | D:3      | Reached XP level 5. HP: 22/38 MP: 5/5
  3295 | D:4      | Found an ornate altar of the Wu Jian Council.
  3309 | D:4      | Noticed a spectral centipede
  3309 | D:4      | Noticed a spectral black mamba
  3309 | D:4      | Noticed a spectral cane toad
  3423 | D:4      | Reached skill level 6 in Long Blades
  3423 | D:4      | Reached XP level 6. HP: 27/44 MP: 6/6
  3608 | D:4      | Found a glowing drain.
  3618 | Sewer    | Entered a sewer
  5186 | D:3      | Killed from afar by an orc wizard

Illustrated notes

Levels and vault maps discovered:
D:1:      wander_arrival_estate, layout_loops_corners, minmay_split_cup_small
D:2:      layout_rooms, nicolae_overflow_hidden_temple
D:3:      layout_loops_corners
D:4:      layout_cave_pools, pdpol_wu_jian_five_deadly_venoms,
          cheibrodos_sewer_entry_drain, nrook_mini_vaults

Skill      XL: |  1  2  3  4  5 |
---------------+----------------+-----
Long Blades    | 4 5 6 |  6.9
Fighting       | |  2.0
Throwing       | |  2.0
Dodging        | |  3.0

Action                   |  1- 3 |  4- 6 || total
-------------------------+-------+-------++-------
Melee: Long sword        |    76 |   188 ||   264
  Use: Scroll            |       |     5 ||     5
       Potion            |       |     2 ||     2
 Stab: Sleeping          |     1 |       ||     1
Armor: Leather armour    |    37 |    82 ||   119
Dodge: Dodged            |    69 |   183 ||   252
       Rpst.: Long sword |    19 |    62 ||    81
